 Dungeon Crawl Stone Soup version 0.32-a0-898-g7811c86cf0 (webtiles) character file.

Game seed: 13159925968234156395

550 Lanoc the Slasher (level 7, 0/51 (54) HPs)
             Began as a Coglin Gladiator on Apr 4, 2024.
             Was a Priest of Beogh.
             Slain by a wight
             ... wielding a +1 halberd of freezing
              (1 damage)
             ... on level 4 of the Dungeon.
             The game lasted 00:04:50 (3785 turns).

Lanoc the Slasher (Coglin Gladiator)                Turns: 3785, Time: 00:04:51

HP:   0/51 (54)     AC:  5    Str: 15    XL:     7   Next: 29%
MP:   7/7           EV: 12    Int:  7    God:    Beogh [***...]
Gold: 318           SH:  0    Dex: 17    Spells: 6/6 levels left

rFire   + . .        a - +0 long sword {Suchat}
rCold   . . .        h - +0 short sword (vamp) {Servia}
rNeg    . . .        b - +0 leather armour
rPois   .            c - +0 helmet
rElec   .            (no cloak)
rCorr   .            (no gloves)
SInv    .            (no boots)
Will    .....        (amulet unavailable)
Stlth   +            (ring unavailable)
HPRegen 0.28/turn    (ring unavailable)
MPRegen 0.10/turn    (no gizmo)

%: no passive effects
@: drained, revving
A: off-hand wielding, slow wielding, warmup strikes, no jewellery, fire
resistance 1, shaggy fur 1
a: Invent Gizmo, Renounce Religion, Smiting, Recall Apostles, Dismiss Borgoth,
priest


You were on level 4 of the Dungeon.
You worshipped Beogh.
Beogh was most pleased with you.
You visited 1 branch of the dungeon, and saw 4 of its levels.

You collected 318 gold pieces.

Inventory:

Hand Weapons
 a - a +0 long sword (weapon) {Suchat}
 h - a +0 vampiric short sword (offhand) {Servia}
Missiles
 d - 3 throwing nets (quivered)
 e - 7 javelins
 n - 5 atropa-tipped darts
 q - 5 darts of dispersal
Armour
 b - a +0 leather armour (worn)
 c - a +0 helmet (worn)
Scrolls
 f - a scroll of fog {unknown}
 i - a scroll of butterflies {unknown}
 j - a scroll of enchant armour {unknown}
 m - a scroll of fear {unknown}
 o - a scroll of enchant weapon {unknown}
 p - 3 scrolls of identify {unknown}
 t - 2 scrolls of teleportation {unknown}
 x - a scroll of revelation {unknown}
 y - a scroll of silence {unknown}
 z - a scroll of blinking {unknown}
Potions
 g - 2 potions of magic
 k - a potion of mutation
 r - 3 potions of enlightenment {unknown}
 s - a potion of brilliance {unknown}
 u - a potion of degeneration {unknown}
 v - a potion of heal wounds {unknown}
 w - a potion of curing {unknown}


   Skills:
 + Level 4.1 Fighting
 * Level 6.1 Long Blades
 - Level 1.7 Throwing
 + Level 4.3 Dodging


You had 6 spell levels left.
You didn't know any spells.
Your spell library was empty.

Dungeon Overview and Level Annotations

Branches:
Dungeon (4/15)
 Temple: D:4-7

Altars:
Kikubaaqudgha
Beogh


Innate Abilities, Weirdness & Mutations

Your facial features look somewhat orcish.
You can wield a second weapon in your off-hand.
It takes a long time for you to wield or remove held weapons.
Your first few attacks do less damage.
You cannot equip rings or amulets.
Your flesh is heat resistant. (rF+)
You are covered in fur. (AC +1)


Message History

A wight comes into view.
It is wielding a +1 halberd of freezing.
A wight comes into view. It is wielding a +0 halberd.
A wight comes into view. It is wielding a +0 trident.
You hit the wight with your +0 vampiric short sword.
The wight is lightly damaged.
You hit the wight with your +0 long sword.
The wight closely misses you.
The wight hits you from afar with a +1 halberd of freezing!
The wight freezes you.
Borgoth closely misses the wight.
You hit the wight but do no damage.
The wight is lightly damaged.
You slash the wight with your +0 long sword!
The wight closely misses you. x2; Borgoth closely misses the wight.
You hit the wight but do no damage.
The wight is severely damaged.
You closely miss the wight with your +0 long sword.
The wight hits you with a +3 mace!
You feel drained.
The wight hits you from afar with a +1 halberd of freezing!
You feel drained.
* * * LOW HITPOINT WARNING * * *
The wight freezes you.
* * * LOW HITPOINT WARNING * * *
The wight misses you.
Borgoth calls down the wrath of Beogh upon the wight.
The wight is smitten.
The wight is destroyed!
Beogh accepts your kill. The wight attacks as it pursues you!
The wight barely misses you. The wight attacks as it pursues you!
The wight closely misses you.
The wight hits Borgoth but does no damage.
Borgoth hits the wight with a +0 morningstar of protection.
Borgoth hits the wight with a +0 morningstar of protection.
The wight hits Borgoth but does no damage.
The wight attacks as it pursues you!
The wight hits you from afar with a +1 halberd of freezing!
* * * LOW HITPOINT WARNING * * *
You feel drained.
* * * LOW HITPOINT WARNING * * *
The wight freezes you.
You die...

#.##.......# #.##########
#.# #.######### ##
#.........####### ..
######..#####........#
#.#...##..#####..#####.#
#......#.........# #.#
###.#)o.z.@..#...#####.#
##
#....zz#...#..).....##.#
#.
#.....#....###...##.##.#
#.
.....###.....###...##.##.#
#. .###.#
##..........##.##.###. #.#
##.#...............#. ..#
#.##########..###.#. #.#
#.# #...##[#. #.# ##'##
##..##.#.


You could see 3 wights and the friendly Borgoth the orc apostle.

Vanquished Creatures
  A phantom (D:4)
  A scorpion (D:4)
  2 hounds (D:4)
  4 gnolls
  8 adders
  3 dart slugs
  2 ribbon worms
  2 orcs (D:4)
  6 bats
  12 endoplasms
  3 giant cockroaches
  9 goblins
  10 hobgoblins
  10 kobolds
  6 quokkas
  8 ball pythons
  3 frilled lizards
  8 rats
98 creatures vanquished.

Vanquished Creatures (collateral kills)
  A black bear (D:4)
  A wight (D:4)
2 creatures vanquished.

Grand Total: 100 creatures vanquished

Notes
Turn   | Place    | Note
-------+----------+-------------------------------------------
     0 | D:1      | Lanoc the Coglin Gladiator began the quest for the Orb.
     0 | D:1      | Reached XP level 1. HP: 16/16 MP: 1/1
   154 | D:1      | Reached XP level 2. HP: 19/22 MP: 2/2
   395 | D:1      | Reached XP level 3. HP: 28/28 MP: 3/3
   524 | D:1      | Found a faded altar of an unknown god.
   674 | D:1      | Prayed at the altar of an unknown god.
   674 | D:1      | Became a worshipper of Beogh the Shepherd
   674 | D:1      | Reached * piety under Beogh
  1159 | D:2      | Identified the +0 robe of the Raven {Str+3}
  1325 | D:2      | Reached skill level 4 in Long Blades
  1325 | D:2      | Reached XP level 4. HP: 34/34 MP: 4/4
  1727 | D:2      | Reached ** piety under Beogh
  1941 | D:3      | Reached XP level 5. HP: 41/41 MP: 5/5
  2678 | D:4      | Found an ancient bone altar of Kikubaaqudgha.
  2983 | D:4      | Found Qissei's Antique Armour Emporium.
  3100 | D:4      | Reached skill level 5 in Long Blades
  3100 | D:4      | Reached XP level 6. HP: 43/47 MP: 6/6
  3165 | D:4      | Gained mutation: Your flesh is heat resistant. (rF+)
                  | [potion of mutation]
  3165 | D:4      | Gained mutation: You are covered in fur. (AC +1) [potion of
                  | mutation]
  3166 | D:4      | HP: 3/70 [phantom (6)]
  3344 | D:4      | Reached *** piety under Beogh
  3384 | D:4      | Noticed Borgoth
  3409 | D:4      | Anointed Borgoth the priest as your apostle
  3635 | D:4      | Noticed a black bear
  3644 | D:4      | Killed a black bear
  3645 | D:4      | Reached skill level 6 in Long Blades
  3645 | D:4      | Reached XP level 7. HP: 37/54 MP: 7/7
  3785 | D:4      | HP: 1/51 [wight/+1 halberd of freezing (3)]
  3785 | D:4      | Slain by a wight

Illustrated notes

Levels and vault maps discovered:
D:1:      matt_arrival_refuge, layout_loops_ring,
          shapermc_ecumenical_altar_totnotflames, nicolae_figureground_pulse
D:2:      layout_basic, minmay_split_cup_small
D:3:      layout_loops_ring, nicolae_elevator_lobby_asterisk
D:4:      minmay_chambers_of_threes, layout_loops_corners,
          overflow_temple_1_default, serial_shops, shop

Skill      XL: |  1  2  3  4  5  6 |
---------------+-------------------+-----
Dodging        | 3 4 |  4.3
Long Blades    | 4 5 6 |  6.1
Fighting       | 3 4 |  4.1
Throwing       | |  1.7

Action                     |  1- 3 |  4- 6 |  7- 9 || total
---------------------------+-------+-------+-------++-------
  Melee: Short sword       |    63 |   159 |     3 ||   225
         Long sword        |    69 |   168 |     3 ||   240
  Throw: Dart              |       |     3 |       ||     3
         Javelin           |       |     2 |       ||     2
 Invoke: Recruit Apostle   |       |     1 |       ||     1
    Use: Potion            |       |     4 |       ||     4
   Stab: Sleeping          |       |     3 |       ||     3
         Invisible         |       |     2 |       ||     2
 Armour: Leather armour    |    40 |    93 |     4 ||   137
  Dodge: Dodged            |    38 |   126 |     6 ||   170

Table legend: (Time is in decaauts)
 A = Elapsed time spent in this place.
 B = Non-inter-level travel time spent in this place.
 C = Inter-level travel time spent in this place.
 D = Time resting spent in this place.
 E = Time spent auto-exploring this place.
 F = Levels seen in this place.
 G = Mean time per level.
                   A        B        C        D        E       F      G
               +--------+--------+--------+--------+--------+-----+--------+
         Total |   3813 |   3630 |    183 |      0 |   2989 |   4 |  953.2 |
       Dungeon |   3813 |   3630 |    183 |      0 |   2989 |   4 |  953.2 |
               +--------+--------+--------+--------+--------+-----+--------+

Top non-repeatable levels by time:
     D:4: 1232 daAuts
     D:1: 1042 daAuts
     D:2: 806 daAuts
     D:3: 732 daAuts
